 Dungeon Crawl Stone Soup version 0.16-a0-2611-g6d04fdd (webtiles) character file.

231524 Raurakos the Brawler (level 19, 0/297 HPs)
             Began as a Troll Monk on Nov 17, 2014.
             Was a High Priest of Qazlal.
             Succumbed to a greater naga's bolt of poison
             ... on level 5 of the Snake Pit on Nov 22, 2014.
             The game lasted 04:11:54 (42742 turns).

Raurakos the Brawler (Troll Monk)                  Turns: 42742, Time: 04:11:54

Health: 0/297      AC: 12    Str: 33    XL:     19   Next: 15%
Magic:  24/24      EV: 19    Int:  6    God:    Qazlal [*****.]
Gold:   3909       SH: 28    Dex: 18    Spells: 0 memorised, 18 levels left

rFire  + . .     SeeInvis .       - Unarmed
rCold  + . .     Clarity  .     T - +1 animal skin "Fuvosuq" {+Fly rN+ MR++}
rNeg   + . .     SustAb   .     Z - +2 large shield {reflect}
rPois  .         Gourm    +     v - +2 hat
rElec  .         Spirit   .     V - +0 cloak
rCorr  .         Warding  .     (gloves unavailable)
rMut   .         Stasis   .     (boots unavailable)
MR     ++++.                    A - amulet of rage
Stlth  ..........               m - ring of the Swan {rC+ Str+4}
                                x - ring "Sunwy" {rF+ MR+}

@: berserking (expiring), lethally poisoned, protected from physical damage,
repel missiles, very quick, incredibly resistant to hostile enchantments,
extremely unstealthy
A: unfitting armour, claws 3, fast metabolism 3, gourmand, regeneration 2,
shaggy fur 1, tough skin 2
a: Upheaval, Elemental Force, Disaster Area, Renounce Religion, Evoke Berserk
Rage, Evoke Flight


You were on level 5 of the Snake Pit.
You worshipped Qazlal.
Qazlal was extremely pleased with you.
You were very full.

You visited 6 branches of the dungeon, and saw 38 of its levels.
You also visited: Labyrinth, Sewer and Ice Cave.

You collected 4197 gold pieces.
You spent 288 gold pieces at shops.

Inventory:

Missiles
 a - 9 large rocks (quivered)
Armour
 v - a +2 hat (worn)
 T - the +1 animal skin "Fuvosuq" (worn) {+Fly rN+ MR++}
   (You acquired it on level 4 of the Swamp)

   It protects you from negative energy.
   It affects your resistance to hostile enchantments.
   It lets you fly.
 V - a +0 cloak (worn)
 Z - a +2 large shield of reflection (worn)
Rods
 U - a +3 rod of shadows (14/14)
   (You took it off a minotaur in a labyrinth)
 W - a +2 rod of inaccuracy (11/11)
   (You found it in a labyrinth)
Jewellery
 m - the ring of the Swan (right claw) {rC+ Str+4}
   (You found it in an ice cave)

   [ring of protection from cold]

   It affects your strength (+4).
   It protects you from cold.
 s - an uncursed ring of protection from cold
 x - the ring "Sunwy" (left claw) {rF+ MR+}
   (You found it on level 13 of the Dungeon)

   [ring of protection from fire]

   It protects you from fire.
   It affects your resistance to hostile enchantments.
 A - an amulet of rage (around neck)
 I - a +3 ring of dexterity
 M - an uncursed ring of flight
Magical devices
 o - a wand of draining (3)
 q - a wand of confusion (8)
 y - a wand of fire (0)
 B - a wand of polymorph (18)
 G - a wand of cold (6)
 H - a wand of lightning (6)
 J - a wand of paralysis (10)
 L - a wand of enslavement (11)
 N - a wand of disintegration (18)
 P - a wand of hasting (4)
 R - a wand of paralysis (11)
 X - a wand of disintegration (12)
Scrolls
 c - 9 scrolls of identify
 d - 5 scrolls of blinking
 e - 19 scrolls of remove curse
 k - 12 scrolls of teleportation
 l - 5 scrolls of fog
 p - 4 scrolls of recharging
 w - a scroll of magic mapping
 z - 2 scrolls of enchant weapon
 F - 2 scrolls of enchant armour
 S - a scroll of summoning {unknown}
 Y - a scroll of silence
Potions
 g - 3 potions of cure mutation
 h - 7 potions of haste
 j - 4 potions of resistance
 r - 2 potions of curing
 t - 3 potions of cancellation
 u - 2 potions of agility
 E - 5 potions of restore abilities
 K - 4 potions of heal wounds
Books
 O - a book of Geomancy

   Spells                             Type                      Level
   Sandblast                          Earth                        1
   Stoneskin                          Transmutation/Earth          2
   Passwall                           Transmutation/Earth          3
   Stone Arrow                        Conjuration/Earth            3
   Petrify                            Transmutation/Earth          4
   Lee's Rapid Deconstruction         Earth                        5
 Q - a book of Party Tricks

   Spells                             Type                      Level
   Summon Butterflies                 Summoning                    1
   Apportation                        Translocation                1
   Blink                              Translocation                2
   Tukima's Dance                     Hexes                        3
   Alistair's Intoxication            Transmutation/Poison         4
Comestibles
 b - 15 meat rations
 f - 30 fruits
 n - 17 bread rations
 C - 4 chunks of flesh


   Skills:
 + Level 14.3 Fighting
 - Level 4.1 Armour
 + Level 14.4 Dodging
 - Level 1.1 Stealth
 - Level 9.0 Shields
 - Level 18.0 Unarmed Combat
 - Level 7.0 Invocations
 - Level 7.0 Evocations


You had 18 spell levels left.
You didn't know any spells.

Dungeon Overview and Level Annotations

Branches:
Dungeon (15/15)            Temple (1/1) D:4            Lair (8/8) D:9
  Swamp (5/5) Lair:3        Snake (5/5) Lair:3        Slime (0/6) Lair:8
    Orc (4/4) D:12            Elf (0/3) Orc:4        Vaults (0/5) D:13
 Depths (0/5) D:15

Altars:
Ashenzari
Cheibriados
Dithmenos
Elyvilon
Fedhas
Kikubaaqudgha
Makhleb
Nemelex Xobeh
Okawaru
Qazlal
Ru
Sif Muna
Trog
Vehumet
Xom
Yredelemnul
Zin
Beogh
Jiyva

Shops:
D:7 *   D:8 (   D:11 %   Orc:4 }:[*   Snake:1 (   Snake:4 ?

Annotations:
D:5 Menkaure


Innate Abilities, Weirdness & Mutations

You are too large for most types of armour.
You have claws for hands.
Your metabolism is lightning-fast.
You like to eat raw meat.
You heal very quickly.
You are covered in fur (AC +1).
You have very tough skin (AC +2).


Message History

* * * LOW HITPOINT WARNING * * *
You feel sick. You block the greater naga's attack.
You block the greater naga's attack.
You mangle the greater naga!!
The greater naga begins to bleed from its wounds!
The greater naga is moderately wounded.
* * * LOW HITPOINT WARNING * * *
You feel sick. You block the naga warrior's attack.
You block the naga warrior's attack.
A naga ritualist comes into view. It is wielding a dagger of venom.
A naga comes into view. It is wielding a long sword.
* * * LOW HITPOINT WARNING * * *
You feel sick.
The naga shouts!
You block the water moccasin's attack. You block the naga warrior's attack.
You block the naga warrior's attack.
You feel a strong urge to attack something.
* * * LOW HITPOINT WARNING * * *
You feel sick. The water moccasin closely misses you.
You die...

#....####.....## ##.....####...
...............# #.............
.###......)....#####.............
.# +(....).......................
.# #....)...)†...................
.###(.))..)......................
........##)......#+#....####.....
.......##........# +#...# ##§...
.......##.)..S..@# #...# ##..§
......##......NS.####...# #...
...............NN.§.....### #"..
###'#.........#§†.........####...
# #.#.......####†...N............
# #......## ##................. #
......# #.N....#........... ...
....## ##.....####......... ... .
. ##.....## ##........


You could see a naga warrior, a greater naga (bleeding), a naga ritualist, a
black mamba, a water moccasin and a naga.

Vanquished Creatures
  Rupert (D:14)
  The ghost of Gorice the Severer, a mighty DsWn of Okawaru (Snake:2)
  A frost giant (IceCv)
  A greater naga (Snake:3)
  Aizul (Snake:1)
  An orc warlord (Orc:2)
  The ghost of Fyery the Devastator, a powerful HEWz of the Shining One (Snake:3)
  A very ugly thing (D:13)
  Snorg (Lair:7)
  3 vault guards (D:13)
  A yaktaur captain (D:15)
  Fannar (Lair:4)
  A minotaur (Lab)
  10 naga warriors
  2 ghost crabs (Swamp:3)
  18 hydras
  8 anacondas
  7 centaur warriors
  9 alligators
  6 death yaks
  An orc high priest (Orc:2)
  An ogre mage (D:13)
  A spriggan berserker (Swamp:4)
  9 naga sharpshooters
  Nergalle (Lair:4)
  9 skeletal warriors
  3 catoblepae
  3 salamander mystics
  4 shock serpents
  7 unseen horrors
  4 naga ritualists
  8 hill giants
  2 sea snakes (Snake:3)
  An ice statue (IceCv)
  An anubis guard (shapeshifter) (D:15)
  2 shambling mangroves
  6 swamp dragons
  2 orc sorcerers (Orc:2)
  A wolf spider (Lab)
  2 necromancers
  2 wizards (D:15)
  3 deep elf conjurers
  2 mana vipers (Snake:4)
  3 cyclopes
  6 orc knights
  A spectral alligator (Swamp:3)
  13 ugly things
  3 griffons
  A red wasp (D:13)
  An elephant (shapeshifter) (D:15)
  A manticore (D:15)
  42 black mambas
  11 salamanders
  5 guardian serpents
  3 centaur zombies (D:15)
  13 elephants
  8 naga magi
  A queen ant (Lair:8)
  A gargoyle (Lair:8)
  25 spiny frogs
  8 komodo dragons
  A spectral spriggan (Swamp:4)
  3 kobold demonologists (D:15)
  5 spriggan druids
  2 fire drakes (Lair:8)
  6 giant leeches
  A spectral tarantella (Swamp:3)
  8 bog bodies
  20 polar bears
  2 baby alligators (Swamp:4)
  2 two-headed ogres (D:13)
  7 trolls
  12 ravens
  A harpy skeleton (D:15)
  11 slime creatures
  4 basilisks
  2 trapdoor spiders
  20 blink frogs
  20 spriggans
  6 deep elf magi
  2 wraiths
  62 yaks
  5 redbacks (Lair:8)
  2 wyverns
  8 hippogriffs
  Eustachio (D:7)
  A human (D:7)
  A steam dragon (Lair:5)
  A water elemental (Lair:3)
  4 hungry ghosts
  25 vampire mosquitoes
  45 wolves
  A spectral snapping turtle (Swamp:4)
  3 wargs
  28 nagas
  23 swamp worms
  34 water moccasins
  18 porcupines
  4 soldier ants (Lair:8)
  A sky beast (D:11)
  15 ogres
  7 black bears
  54 orc warriors
  7 swamp drakes
  2 phantoms
  11 ice beasts
  21 centaurs
  10 yellow wasps
  A big kobold (D:15)
  19 crocodiles
  A brain worm (Lair:6)
  26 giant frogs
  2 wyvern zombies
  7 insubstantial wisps (Swamp:3)
  3 wyvern skeletons
  8 scorpions
  A spectral dwarf (Swamp:3)
  26 wights
  21 killer bees
  An electric eel (Lair:2)
  A goliath beetle (D:7)
  A yellow wasp zombie (D:8)
  8 crimson imps
  32 orc priests
  A gnoll shaman (Orc:4)
  2 quasits
  3 giant frog zombies
  3 giant frog skeletons
  7 jellies
  An iron imp (Orc:2)
  53 orc wizards
  5 centaur skeletons
  13 hounds
  13 iguanas
  A spectral orc (Lair:4)
  23 worker ants
  6 sheep
  Ijyb (D:6)
  3 hound skeletons
  40 adders
  5 gnolls (Orc:4)
  4 shadow imps
  41 river rats
  2 white imps
  8 giant mites
  3 worms
  8 giant geckos
  226 orcs
  7 ball pythons
  9 giant cockroaches
  27 goblins
  20 hobgoblins
  15 jackals
  2 oozes
  10 quokkas
  14 bats
  A giant gecko zombie (D:5)
  11 giant newts
  4 giant spores
  A hobgoblin zombie (Orc:2)
  18 kobolds
  4 orc zombies
  14 rats
  15 ballistomycetes
  2 bushes
  69 fungi
  60 plants
1758 creatures vanquished.

Vanquished Creatures (collateral kills)
  2 hydras (Lair:8)
  An air elemental (Lair:8)
  A water moccasin (Lair:8)
  An adder (Lair:8)
5 creatures vanquished.

Vanquished Creatures (others)
  A vault guard (D:13)
  A swamp dragon (Swamp:5)
  A centaur skeleton (D:15)
  A polar bear (IceCv)
  3 blink frogs (Swamp:3)
  An air elemental (Lair:3)
  A centaur simulacrum (D:15)
  A water elemental (Lair:3)
  3 yaks (IceCv)
  A wolf (IceCv)
  A wight (D:13)
  An orc wizard (D:13)
  5 orcs
  A hobgoblin (Orc:2)
  2 giant spores (D:9)
  7 fungi
  3 plants
34 creatures vanquished.

Grand Total: 1797 creatures vanquished

Notes
Turn   | Place    | Note
--------------------------------------------------------------
     0 | D:1      | Raurakos, the Troll Monk, began the quest for the Orb.
     0 | D:1      | Reached XP level 1. HP: 22/22 MP: 1/1
   157 | D:1      | Reached XP level 2. HP: 29/29 MP: 1/1
  1012 | D:2      | Reached XP level 3. HP: 34/36 MP: 2/2
  1026 | D:2      | Found a deep blue altar of Sif Muna.
  1106 | D:2      | Found an iron altar of Okawaru.
  1110 | D:2      | Found a basalt altar of Yredelemnul.
  1615 | D:3      | Reached XP level 4. HP: 42/44 MP: 2/2
  1723 | D:3      | Found a bloodstained altar of Trog.
  1741 | D:3      | Reached skill level 5 in Unarmed Combat
  1770 | D:3      | Noticed a giant frog
  1773 | D:3      | Killed a giant frog
  1773 | D:3      | Reached XP level 5. HP: 51/53 MP: 2/2
  2650 | D:4      | Reached XP level 6. HP: 46/61 MP: 3/3
  2762 | D:4      | Found a staircase to the Ecumenical Temple.
  2771 | D:4      | Reached skill level 6 in Unarmed Combat
  2800 | Temple   | Entered the Ecumenical Temple
  3208 | D:4      | Noticed an ogre
  3218 | D:4      | Killed an ogre
  3366 | D:5      | Entered Level 5 of the Dungeon
  3417 | D:5      | Found a stormy altar of Qazlal.
  3422 | D:5      | Found a blossoming altar of Fedhas.
  3437 | D:5      | Reached XP level 7. HP: 61/68 MP: 3/3
  3440 | D:5      | Became a worshipper of Qazlal Stormbringer
  3440 | D:5      | Acquired Qazlal's first power
  3440 | D:5      | Acquired Qazlal's second power
  3703 | D:5      | Noticed Menkaure
  3906 | D:5      | Found a glowing drain.
  3920 | Sewer    | Entered a sewer
  4023 | Sewer    | Reached skill level 7 in Unarmed Combat
  5364 | D:6      | Acquired Qazlal's third power
  5402 | D:6      | Reached XP level 8. HP: 33/79 MP: 3/3
  5650 | D:6      | Reached skill level 8 in Unarmed Combat
  5995 | D:6      | Reached skill level 5 in Fighting
  5995 | D:6      | Reached skill level 5 in Dodging
  6332 | D:7      | Noticed Eustachio
  6423 | D:7      | Found Raruosof's Assorted Antiques.
  6505 | D:7      | Bought a scroll labeled FOLAFR FONIG for 24 gold pieces
  6505 | D:7      | Bought a scroll labeled FAEREI TAYVIEK for 24 gold pieces
  6505 | D:7      | Bought a scroll labeled LAPTAU CLAOZIY for 24 gold pieces
  6505 | D:7      | Bought a scroll labeled EPYUCL ATEIWA for 24 gold pieces
  6565 | D:7      | Noticed Ijyb
  6649 | D:6      | Killed Ijyb
  6723 | D:7      | Found a white marble altar of Elyvilon.
  6724 | D:7      | Found a snail-covered altar of Cheibriados.
  7159 | D:7      | Acquired Qazlal's fourth power
  7159 | D:7      | Reached skill level 9 in Unarmed Combat
  7192 | D:7      | Reached XP level 9. HP: 43/88 MP: 4/4
  7535 | D:7      | Killed Eustachio
  7626 | D:7      | Found a glowing silver altar of Zin.
  7767 | D:8      | Reached skill level 10 in Unarmed Combat
  7868 | D:8      | Found an iron altar of Okawaru.
  8276 | D:8      | Reached skill level 1 in Invocations
  8353 | D:8      | Found Nuer Zoa's Weapon Shop.
  8431 | D:9      | Reached XP level 10. HP: 100/100 MP: 5/5
  8949 | D:9      | Reached skill level 11 in Unarmed Combat
  8979 | D:9      | Acquired Qazlal's fifth power
  9225 | D:9      | Found a staircase to the Lair.
  9888 | D:10     | Entered Level 10 of the Dungeon
 10017 | D:10     | Reached skill level 12 in Unarmed Combat
 10344 | D:10     | Reached XP level 11. HP: 109/109 MP: 10/10
 10382 | D:10     | Killed an unseen horror
 10923 | Lair:1   | Entered Level 1 of the Lair of Beasts
 10993 | Lair:1   | Found a frozen archway.
 11040 | IceCv    | Entered an ice cave
 11142 | IceCv    | Noticed an ice statue
 11156 | IceCv    | Killed an ice statue
 11323 | IceCv    | Got a brightly glowing marble ring
 11337 | IceCv    | Identified the ring of the Swan {rC+ Str+4} (You found it in an ice cave)
 11379 | IceCv    | Reached skill level 13 in Unarmed Combat
 11532 | IceCv    | Reached skill level 5 in Invocations
 11593 | IceCv    | Noticed a death yak
 11602 | IceCv    | Killed a death yak
 11606 | IceCv    | Reached XP level 12. HP: 65/120 MP: 13/15
 11758 | IceCv    | Noticed a death yak
 11775 | IceCv    | Killed a death yak
 11825 | IceCv    | Noticed a frost giant
 11843 | IceCv    | Killed a frost giant
 12020 | IceCv    | Got a dazzling hand axe
 12929 | Lair:1   | Reached skill level 14 in Unarmed Combat
 14076 | Lair:3   | Noticed an eight-headed hydra
 14083 | Lair:3   | Killed an eight-headed hydra
 14418 | Lair:3   | Reached XP level 13. HP: 58/131 MP: 13/19
 14622 | Lair:3   | Found a staircase to the Swamp.
 14823 | Lair:3   | Reached skill level 1 in Evocations
 14925 | Lair:3   | Found a staircase to the Snake Pit.
 15895 | Lair:4   | Noticed Nergalle
 15914 | Lair:4   | Killed Nergalle
 16017 | Lair:4   | Reached skill level 15 in Unarmed Combat
 16080 | Lair:4   | Noticed Fannar
 16092 | Lair:4   | Killed Fannar
 16132 | Lair:4   | Found a glowing silver altar of Zin.
 17068 | Lair:5   | Reached skill level 10 in Dodging
 17336 | Lair:5   | Reached skill level 10 in Fighting
 18380 | Lair:6   | Reached XP level 14. HP: 97/143 MP: 20/20
 19227 | Lair:7   | Reached skill level 16 in Unarmed Combat
 19291 | Lair:7   | Noticed Snorg
 19311 | Lair:7   | Killed Snorg
 19858 | Lair:8   | Entered Level 8 of the Lair of Beasts
 19921 | Lair:8   | Reached skill level 5 in Evocations
 19988 | Lair:8   | Found a labyrinth entrance.
 19997 | Lab      | Entered a labyrinth
 20975 | Lab      | Identified a +2 rod of inaccuracy (11/11) (You found it in a labyrinth)
 20985 | Lair:8   | Identified a +3 rod of shadows (6/14) (You took it off a minotaur in a labyrinth)
 21128 | Lair:8   | Found a viscous altar of Jiyva.
 21129 | Lair:8   | Found a staircase to the Slime Pits.
 22927 | D:11     | Reached skill level 17 in Unarmed Combat
 23336 | D:11     | Found Unibaib's Food Emporium.
 23395 | D:11     | Upgraded the game from 0.16-a0-2319-g575aa7f to 0.16-a0-2565-g1d3f5c8
 23556 | D:12     | Reached XP level 15. HP: 152/152 MP: 21/21
 24013 | D:12     | Found a staircase to the Orcish Mines.
 24147 | Orc:1    | Entered Level 1 of the Orcish Mines
 25126 | Orc:3    | Found a deep blue altar of Sif Muna.
 25159 | Orc:3    | You fall through a shaft!
 25159 | Orc:4    | Entered Level 4 of the Orcish Mines
 25159 | Orc:4    | Found a staircase to the Elven Halls.
 26130 | Orc:2    | Found a roughly hewn altar of Beogh.
 27709 | Orc:4    | Found Tamugeixt's Armour Boutique.
 27709 | Orc:4    | Found Blaimuil's Book Shoppe.
 27712 | Orc:4    | Found Qelao's Gadget Emporium.
 27714 | Orc:4    | Found Vuddool's Assorted Antiques.
 27718 | Orc:4    | Bought a +0 large shield for 54 gold pieces
 28188 | D:13     | Reached skill level 1 in Shields
 28189 | D:13     | Found a gate to the Vaults.
 28577 | Orc:4    | Bought a potion of curing for 69 gold pieces
 28577 | Orc:4    | Bought a potion of curing for 69 gold pieces
 28688 | D:13     | Reached skill level 18 in Unarmed Combat
 29338 | D:13     | Got a fine brass ring
 29340 | D:13     | Identified the ring "Sunwy" {rF+ MR+} (You found it on level 13 of the Dungeon)
 29551 | D:14     | Noticed Rupert
 29559 | D:14     | Killed Rupert
 29949 | D:14     | Reached XP level 16. HP: 149/163 MP: 22/22
 30525 | D:14     | Reached skill level 5 in Shields
 30988 | D:15     | Entered Level 15 of the Dungeon
 32056 | D:15     | Found a staircase to the Depths.
 32268 | D:15     | Upgraded the game from 0.16-a0-2565-g1d3f5c8 to 0.16-a0-2611-g6d04fdd
 32577 | Swamp:1  | Entered Level 1 of the Swamp
 35689 | Swamp:4  | Reached XP level 17. HP: 156/172 MP: 22/22
 36237 | Swamp:4  | Reached XP level 18. HP: 183/183 MP: 23/23
 36389 | Swamp:4  | Identified a scroll of acquirement
 37441 | Swamp:4  | Got a distressingly furry animal skin
 37452 | Swamp:4  | Identified the +1 animal skin "Fuvosuq" {+Fly rN+ MR++} (You acquired it on level 4 of the Swamp)
 37456 | Swamp:5  | Entered Level 5 of the Swamp
 38166 | Snake:1  | Entered Level 1 of the Snake Pit
 38197 | Snake:1  | Found Huxite Prisi's Antique Weapon Boutique.
 38338 | Snake:1  | Noticed Aizul
 38347 | Snake:1  | Killed Aizul
 39013 | Snake:2  | Noticed Gorice's ghost (mighty DsWn)
 39189 | Snake:2  | Found a glowing silver altar of Zin.
 40036 | Snake:2  | Killed Gorice's ghost
 40391 | Snake:3  | Noticed Fyery's ghost (powerful HEWz)
 40415 | Snake:3  | Killed Fyery's ghost
 42024 | Snake:4  | Found Xionem's Magic Scroll Boutique.
 42192 | Snake:5  | Entered Level 5 of the Snake Pit
 42289 | Snake:5  | Reached XP level 19. HP: 130/197 MP: 24/24
 42737 | Snake:5  | HP: 8/297 [greater naga/bolt of poison (9)]
 42739 | Snake:5  | HP: 3/297 [poisoned by a greater naga (bolt of poison)]
 42741 | Snake:5  | HP: 1/297 [poisoned by a greater naga (bolt of poison)]
 42742 | Snake:5  | Succumbed to a greater naga's bolt of poison

Action                   |  1- 3 |  4- 6 |  7- 9 | 10-12 | 13-15 | 16-18 | 19-21 || total
-------------------------+-------+-------+-------+-------+-------+-------+-------++-------
Melee: Unarmed           |    88 |   176 |   425 |   653 |  1678 |  1253 |   106 ||  4379
Throw: Stone             |     2 |       |     1 |     2 |       |       |       ||     5
       Tomahawk          |       |       |       |       |     1 |       |       ||     1
Invok: Upheaval          |       |       |     2 |     7 |    25 |    36 |       ||    70
       Elemental Force   |       |       |       |     2 |     1 |       |       ||     3
       Disaster Area     |       |       |       |     2 |     1 |     2 |       ||     5
 Abil: Evoke Berserk Rag |       |       |       |       |     5 |     3 |       ||     8
Evoke: Wand              |       |       |       |       |     5 |    12 |       ||    17
       Rod               |       |       |       |       |     7 |       |       ||     7
  Use: Scroll            |       |       |     9 |    10 |    14 |     6 |     3 ||    42
       Potion            |       |       |       |       |     2 |     4 |     1 ||     7
 Stab: Sleeping          |     3 |       |       |       |       |       |       ||     3
       Distracted        |       |     1 |       |       |       |       |       ||     1
       Petrified         |       |       |       |       |     2 |       |       ||     2
       Petrifying        |       |       |       |       |     1 |       |       ||     1
       Confused          |       |       |       |       |     1 |       |       ||     1
  Eat: Chunk             |    17 |    19 |    44 |    57 |   142 |    90 |     8 ||   377
       Bread ration      |       |       |       |       |       |     3 |     1 ||     4
       Beef jerky        |       |       |       |       |       |     3 |       ||     3
       Pizza             |       |       |       |       |       |     1 |       ||     1
